 Dungeon Crawl Stone Soup version 0.26-a0-661-g406de6ba63 (webtiles) character file.

Game seed: 15757616823103093450

117 halkony2012 the Slasher (level 4, -3/41 HPs)
             Began as a Minotaur Fighter on Oct 8, 2020.
             Killed from afar by an orc wizard (6 damage)
             ... with a magic dart
             ... on level 3 of the Dungeon.
             The game lasted 00:03:39 (1830 turns).

halkony2012 the Slasher (Minotaur Fighter)          Turns: 1830, Time: 00:03:39

Health: -3/41      AC:  7    Str: 21    XL:     4   Next: 71%
Magic:  3/3        EV:  7    Int:  5    God:
Gold:   31         SH:  9    Dex: 10    Spells: 3/3 levels left

rFire    . . .     SeeInvis .   a - +0 long sword
rCold    . . .     Faith    .   c - +0 kite shield
rNeg     . . .     Spirit   .   b - +0 scale mail
rPois    .         Reflect  .   (helmet restricted)
rElec    .         Harm     .   (no cloak)
rCorr    .         Rampage  .   (no gloves)
MR       .....                  (no boots)
Stlth    ..........             (no amulet)
HPRegen  0.13/turn              (no ring)
MPRegen  0.08/turn              (no ring)

@: no status effects
A: retaliatory headbutt, horns 2
a: no special abilities


You were on level 3 of the Dungeon.
You visited 1 branch of the dungeon, and saw 3 of its levels.

You collected 31 gold pieces.

Inventory:

Hand Weapons
 a - a +0 long sword (weapon)
Armour
 b - a +0 scale mail (worn)
 c - a +0 kite shield (worn)
Jewellery
 f - an uncursed ring of protection from magic {unknown}
 r - an uncursed ring of positive energy {unknown}
Scrolls
 e - a scroll of blinking {unknown}
 i - a scroll of enchant weapon {unknown}
 j - 3 scrolls of magic mapping {unknown}
 l - a scroll of teleportation {unknown}
 m - 2 scrolls of remove curse {unknown}
 p - 2 scrolls of amnesia {unknown}
Potions
 d - a potion of might
 g - a potion of brilliance {unknown}
 h - a potion of berserk rage {unknown}
 k - a potion of mutation {unknown}
 n - a potion of curing {unknown}
 o - a potion of stabbing {unknown}
 q - a potion of magic {unknown}


   Skills:
 + Level 4.8 Fighting
 * Level 4.8 Long Blades
 - Level 4.1 Armour
 - Level 3.6 Shields


You had 3 spell levels left.
You didn't know any spells.
Your spell library was empty.

Dungeon Overview and Level Annotations

Branches:
Dungeon (3/15)

Altars:


Innate Abilities, Weirdness & Mutations

You reflexively headbutt those who attack you in melee.
You have a pair of horns on your head.


Message History

You kill the orc priest!
You block the orc wizard's attack.
The orc wizard hits you but does no damage.
You block the adder's attack.
The orc wizard hits you with a +0 dagger.
* * * LOW HITPOINT WARNING * * *
You hit the orc wizard but do no damage.
The orc wizard hits you but does no damage.
You hit the orc wizard but do no damage.
The orc wizard hits you but does no damage.
The orc wizard barely misses you.
You riposte.
Your shield prevents you from hitting the orc wizard.
Your headbutt misses the orc wizard.
You hit the orc wizard but do no damage.
The orc wizard hits you but does no damage.
The orc wizard completely misses you.
You closely miss the orc wizard.
The orc wizard gestures at you while chanting.
The magic dart hits you.
You die...

## # #. .. #. .#
##.# .# ##... ##.
#.... ..# ..
#..o###.###.#
#..So@......#
.....#####.###.# ...
#####.###.# .
#.........#
#....†....#
#.....##..# .
#...####..####....
..........†........
.......###..####....


You could see an orc wizard (fast), an adder and an orc.

Vanquished Creatures
  An orc priest (D:3)
  3 adders (D:2)
  3 worms
  3 leopard geckos
  2 orcs (D:3)
  A giant cockroach (D:2)
  2 goblins (D:2)
  9 hobgoblins
  4 jackals (D:2)
  3 bats
  4 frilled lizards
  7 kobolds
  8 rats
50 creatures vanquished.

Vanquished Creatures (others)
  A plant (D:1)
1 creature vanquished.

Grand Total: 51 creatures vanquished

Notes
Turn   | Place    | Note
-------+----------+-------------------------------------------
     0 | D:1      | halkony2012 the Minotaur Fighter began the quest for the
                  | Orb.
     0 | D:1      | Reached XP level 1. HP: 19/19 MP: 0/0
   425 | D:1      | Reached XP level 2. HP: 27/27 MP: 1/1
   873 | D:2      | Reached XP level 3. HP: 31/34 MP: 2/2
  1539 | D:2      | Reached XP level 4. HP: 31/41 MP: 3/3
  1826 | D:3      | HP: 2/41 [orc wizard/+0 dagger (4)]
  1830 | D:3      | Killed from afar by an orc wizard

Illustrated notes

Levels and vault maps discovered:
D:1:      minmay_arrival_four_houses, layout_basic, serial_forest,
          infiniplex_forest_clump_large, infiniplex_forest_clump_small,
          infiniplex_forest_corner_2, infiniplex_forest_straight_2,
          infiniplex_forest_lined_corner, infiniplex_forest_straight_4,
          serial_bayou_pond_c
D:2:      layout_loops_ring, st_stairs_11
D:3:      layout_loops_ring, overflow_temple_1_default, lemuel_round_altar,
          grunt_temple_overflow_open

Skill      XL: |  1  2  3 |
---------------+----------+-----
Fighting       | 4 |  4.8
Armour         | 4 |  4.1
Long Blades    | 3 4 |  4.8
Shields        | |  3.6

Action                   |  1- 3 |  4- 6 || total
-------------------------+-------+-------++-------
Melee: Long sword        |    89 |    35 ||   124
       Headbutt          |     5 |     5 ||    10
Armor: Scale mail        |    38 |    16 ||    54
Dodge: Dodged            |    39 |     9 ||    48
Block: Kite shield       |    58 |    11 ||    69
       Rpst.: Long sword |    12 |     3 ||    15

Table legend: (Time is in decaauts)
 A = Elapsed time spent in this place.
 B = Non-inter-level travel time spent in this place.
 C = Inter-level travel time spent in this place.
 D = Time resting spent in this place.
 E = Time spent auto-exploring this place.
 F = Levels seen in this place.
 G = Mean time per level.
                   A        B        C        D        E       F      G
               +--------+--------+--------+--------+--------+-----+--------+
         Total |   1874 |   1820 |     54 |      0 |   1521 |   3 |  624.7 |
       Dungeon |   1874 |   1820 |     54 |      0 |   1521 |   3 |  624.7 |
               +--------+--------+--------+--------+--------+-----+--------+

Top non-repeatable levels by time:
     D:2: 1010 daAuts
     D:1: 806 daAuts
     D:3: 57 daAuts
